 Dungeon Crawl Stone Soup version 0.29-a0-817-g9904bce7a6 (webtiles) character file.

Game seed: 4930712141968353055

175 spaghetti the Magician (level 5, 40/40 HPs)
             Began as a Djinni Necromancer on July 6, 2022.
             Was a Follower of Trog.
             Quit the game on level 3 of the Dungeon.
             The game lasted 00:05:01 (3324 turns).

spaghetti the Magician (Djinni Necromancer)         Turns: 3324, Time: 00:05:01

Health: 40/40      AC:  2    Str:  7    XL:     5   Next: 86%
Gold:   106        EV: 12    Int: 19    God:    Trog [*.....] SH:  0 Dex: 13

rFire   + + .      SeeInvis .   (no weapon)
rCold   x . .      Faith    .   (no shield)
rNeg    . . .      Spirit   .   a - +0 robe
rPois   ∞          Reflect  .   (no helmet)
rElec   .          Harm     .   (no cloak)
rCorr   .          Rampage  .   (no gloves)
Will    .....                   (boots unavailable)
Stlth   ++........              (no amulet)
HPRegen 0.13/turn               (no ring)
MPRegen 0.00/turn               (no ring)

@: flying
A: sickness immunity, fire resistance 2, cold vulnerability 1, float, innate
caster, HP casting, extra vitality 1
a: Renounce Religion, Berserk


You were on level 3 of the Dungeon.
You worshipped Trog.
Trog was aware of your devotion.
You visited 1 branch of the dungeon, and saw 3 of its levels.

You collected 106 gold pieces.


Innate Abilities, Weirdness & Mutations

You are immune to sickness and miasma.
You are immune to poison.
Your flesh is very heat resistant. (rF++)
You are vulnerable to cold. (rC-)
You float through the air rather than walking.
You learn spells naturally, not from books.
Your magical power is your life essence.
You have superior vitality. (+4 MHP)


   Skills:
 + Level 3.4 Fighting
 - Level 2.1 Dodging
 - Level 1.5 Stealth
 - Level 4.3 Spellcasting


You couldn't memorise any spells.
You knew the following spells:

 Your Spells              Type           Power      Damage    Failure   Level
a - Necrotise             Necr           80%        1d8       2%          1
b - Vampiric Draining     Necr           20%        2d7       7%          3
c - Animate Dead          Necr           20%        N/A       22%         4
d - Agony                 Necr           20%        N/A       52%         5
e - Foxfire               Conj/Fire      80%        2x1d8     2%          1
f - Blink                 Tloc           40%        N/A       3%          2
Your spell library was empty.

Inventory:

Hand Weapons
 c - a +0 dagger {short}
   (You took it off a kobold on level 1 of the Dungeon)
 f - a +0 flail {mace}
   (You found it on level 1 of the Dungeon)
 h - a +0 dagger {short}
   (You found it on level 1 of the Dungeon)
 j - a +0 spear {polearm}
   (You found it on level 1 of the Dungeon)
 l - a +0 dagger {short}
   (You took it off a kobold on level 1 of the Dungeon)
 n - a +0 club {mace}
   (You took it off a kobold on level 1 of the Dungeon)
 o - a +1 short sword of draining {short}
   (You took it off a kobold on level 1 of the Dungeon)
 r - a +0 club {mace}
   (You took it off a kobold on level 3 of the Dungeon)
 x - a +2 dagger of speed {short}
   (You took it off a goblin on level 2 of the Dungeon)
 y - a +0 short sword {short}
   (You took it off a kobold on level 3 of the Dungeon)
 z - a +0 war axe {axe}
   (You found it on level 3 of the Dungeon)
Missiles
 b - 57 stones {throwing}
Armour
 a - a +0 robe (worn)
Jewellery
 k - a ring of see invisible
   (You found it on level 1 of the Dungeon)
 p - an amulet of guardian spirit
   (You took it off a hobgoblin on level 1 of the Dungeon)
 A - a ring of resist corrosion
   (You found it on level 3 of the Dungeon)
Scrolls
 e - 3 scrolls of teleportation {unknown}
 g - a scroll of vulnerability {unknown}
 i - a scroll of identify {unknown}
 q - 2 scrolls of magic mapping {unknown}
 s - a scroll of fog {unknown}
 v - a scroll of blinking {unknown}
 w - a scroll of acquirement {unknown}
Potions
 d - a potion of heal wounds {unknown}
 m - 2 potions of haste {unknown}
 t - 2 potions of attraction {unknown}
 u - 2 potions of curing {unknown}
 B - a potion of ambrosia {unknown}

Dungeon Overview and Level Annotations

Branches:
Dungeon (3/15) Zot: 14683

Altars:
Trog

Shops:
D:3

* ..._#....#.#.#.#.##
#.# #####+#.#.#.#.#.#.#
#.#
.#.#.#.#.#'#.#.#.#####+#
#.#.#.#.....#.#.#.......
.#.#^#.#....'#.#+.......
#.#.#.......#.#.#.......
...#+........#.#+.......
..#.#.......#.#.#<......
...#.........#.#@.....+
..#.#...#.#.#.#.#K.#+##
...#+...+#.#.#.#.#.#
#.#.#...#.#.#.# #.... <#
#.#.#+# .## #.# .#.# b.
.#.# .# .. #.#.# #.#
.#.#..


You could see a bat and a kobold.


Message History

The rat writhes in agony.
You kill the rat!
The dead are walking! 😕 HP[-1]
You take 1 damage, and now have 39/40 hp.
No target in view!
No target in view!
No target in view!
No target in view!
No target in view!
No target in view!
b - 57 stones {throwing} (gained 3)
Found a stone staircase leading down. 😎 HP[+1]
Your hp is fully restored (40).
There is a stone staircase leading down here.
A - a ring of resist corrosion You swap places.
There is a stone staircase leading down here.
Your rat skeleton crumbles into dust!
An adder comes into view.
No target in range!
The adder hisses angrily.
The adder writhes in agony! 😕 HP[-1]
You take 1 damage, and now have 39/40 hp.
Really attack while wielding nothing? [Y]es or [N]o only, please.
Really attack while wielding nothing? [Y]es or [N]o only, please.
Really attack while wielding nothing? [Y]es or [N]o only, please.
Really attack while wielding nothing? [Y]es or [N]o only, please.
Really attack while wielding nothing? [Y]es or [N]o only, please.
Really attack while wielding nothing? [Y]es or [N]o only, please.
Really attack while wielding nothing? [Y]es or [N]o only, please.
Really attack while wielding nothing? [Y]es or [N]o only, please.
Really attack while wielding nothing? [Y]es or [N]o only, please.
Really attack while wielding nothing? [Y]es or [N]o only, please.
Really attack while wielding nothing? [Y]es or [N]o only, please.
Really attack while wielding nothing? [Y]es or [N]o only, please.
Really attack while wielding nothing? [Y]es or [N]o only, please.
Really attack while wielding nothing?
Okay, then.
Casting: Necrotise (safe; 2% risk of failure)
Confirm with . or Enter, or press ? or * to list all spells.
Aiming: Necrotise (safe; 2% risk of failure)
Press: ? - help, Shift-Dir - straight line, f/p - adder
Aim: an adder (severely wounded, chance to affect: 84%)
The adder writhes in agony.
You kill the adder!
The dead are slithering!
Search for what [? for help]? altar You swap places.
There is an open door here.
There is a faded altar of an unknown god here. 😎 HP[+1]
Your hp is fully restored (40).
You cannot tell which god this altar belongs to.
Convert to them anyway?
Trog accepts your prayer! Trog welcomes you!
You can now go berserk at will.
Unknown command.
Press < or > to pray at altars.
Key pressed, stopping explore.
There is an open door here.
Your adder skeleton crumbles into dust!
Key pressed, stopping explore.
You reach down and open the door.
There is an open door here.
B - a murky blue potion You reach down and open the door.
There is an open door here.
A kobold comes into view. It is wielding a +0 dagger.
The kobold shouts!
The kobold throws a stone.
The stone barely misses you.
A kobold is nearby!
A kobold is nearby!
A kobold is nearby!
Found a stone staircase leading up.
A bat comes into view.
Really attack while wielding nothing?
Okay, then.
Really attack while wielding nothing?
Okay, then.
Really attack while wielding nothing?
Okay, then.
Really attack while wielding nothing?
Okay, then.
Are you sure you want to abandon this character and quit the game? (Confirm with "yes".)

Skill      XL: |  1  2  3  4 |
---------------+-------------+-----
Fighting       | 1 2 3 |  3.4
Spellcasting   | 4 |  4.3
Dodging        | |  2.1
Stealth        | |  1.5

Action                   |  1- 3 |  4- 6 || total
-------------------------+-------+-------++-------
Melee: Short sword       |     1 |     1 ||     2
       Dagger            |       |    15 ||    15
       Unarmed           |       |    10 ||    10
 Cast: Necrotise         |    55 |    64 ||   119
  Use: Potion            |       |     1 ||     1
Armor: Robe              |     3 |     2 ||     5
       Skin              |       |    20 ||    20
Dodge: Dodged            |    15 |    27 ||    42

Levels and vault maps discovered:
D:1:      lemuel_arrival_cross, layout_rooms, serial_aquarium,
          aquarium_bridge_square [aquarium_subvault_bridge,
          aquarium_subvault_bridge, aquarium_subvault_balcony,
          aquarium_subvault_wall], aquarium_bridge_island_small
          [aquarium_subvault_small_open, aquarium_subvault_wall,
          aquarium_subvault_bridge, aquarium_subvault_wall,
          aquarium_subvault_balcony], aquarium_window_fake,
          aquarium_window_corridor_3, aquarium_window_1, aquarium_view_2b,
          aquarium_view_2a, aquarium_pool_2, minmay_small_reverse_x
D:2:      layout_basic, basic_altar
D:3:      layout_basic, mainiacjoe_overflow_divided_tiny,
          shapermc_ecumenical_altar_pompeii, serial_shops, nicolae_shop_stone

Notes
Turn   | Place    | Note
-------+----------+-------------------------------------------
     0 | D:1      | spaghetti the Djinni Necromancer began the quest for the
                  | Orb.
     0 | D:1      | spaghetti set off with the following spells memorised:
                  | Necrotise, Vampiric Draining, Animate Dead, Agony.
     0 | D:1      | Reached XP level 1. HP: 15/15 MP: 0/0
     0 | D:1      | magus.rc [v1.9.6]
   276 | D:1      | Reached XP level 2. HP: 21/22 MP: 0/0
   279 | D:1      | Reached skill level 1 in Fighting
   735 | D:1      | Reached XP level 3. HP: 24/27 MP: 0/0
   735 | D:1      | Learned a level 1 spell: Foxfire
   910 | D:1      | Got the Reference Book on Bloody Attacks
  1160 | D:2      | Reached skill level 2 in Fighting
  1333 | D:2      | Reached XP level 4. HP: 18/33 MP: 0/0
  2741 | D:3      | Noticed a phantom
  2744 | D:3      | Reached skill level 4 in Spellcasting
  2769 | D:3      | Killed a phantom
  2770 | D:3      | Reached skill level 3 in Fighting
  2770 | D:3      | Reached XP level 5. HP: 21/40 MP: 0/0
  2770 | D:3      | Learned a level 2 spell: Blink
  2993 | D:3      | Found Jeymy's General Store.
  3225 | D:3      | Found a faded altar of an unknown god.
  3298 | D:3      | Prayed at the altar of an unknown god.
  3298 | D:3      | Became a worshipper of Trog the Wrathful
  3298 | D:3      | Reached * piety under Trog
  3324 | D:3      | Quit the game

Vanquished Creatures
  A phantom (D:3)
  2 adders
  2 worms
  3 dart slugs
  3 ball pythons
  5 endoplasms
  4 giant cockroaches
  3 goblins (D:2)
  7 hobgoblins
  4 quokkas
  9 bats
  2 frilled lizards
  8 kobolds
  7 rats
60 creatures vanquished.

Vanquished Creatures (collateral kills)
  2 dart slugs
  A hobgoblin (D:1)
3 creatures vanquished.

Grand Total: 63 creatures vanquished

Table legend:
 A = Non-vault XP
 B = Vault XP
 C = Vault XP percentage of total XP
 D = Non-vault monster count
 E = Vault monster count
 F = Vault count percentage of total count
                 A         B        C        D         E       F
            +---------+---------+-------+---------+---------+-------
      Total |     246 |       5 |   2.0 |      59 |       4 |   6.3
            +---------+---------+-------+---------+---------+-------
        D:1 |      47 |       5 |   9.6 |      22 |       4 |  15.4
        D:2 |      64 |       0 |   0.0 |      26 |       0 |   0.0
        D:3 |     135 |       0 |   0.0 |      11 |       0 |   0.0
            +---------+---------+-------+---------+---------+-------

Illustrated notes

Table legend:
 A = Kills in this place as a percentage of kills in entire the game.
 B = Kills by you in this place as a percentage of kills by you in the entire game.
 C = Kills by friends in this place as a percentage of kills by friends in the entire game.
 D = Other kills in this place as a percentage of other kills in the entire game.
 E = Experience gained in this place as a percentage of experience gained in the entire game.
 F = Experience gained in this place divided by the number of levels of this place that you have seen.
                   A       B       C       D       E      F
               +-------+-------+-------+-------+-------+----------------------
         Total | 100.0 | 100.0 | 100.0 |   N/A | 100.0 |  83.7
       Dungeon | 100.0 | 100.0 | 100.0 |   N/A | 100.0 |  83.7
               +-------+-------+-------+-------+-------+----------------------

Table legend: (Time is in decaauts)
 A = Elapsed time spent in this place.
 B = Non-inter-level travel time spent in this place.
 C = Inter-level travel time spent in this place.
 D = Time resting spent in this place.
 E = Time spent auto-exploring this place.
 F = Levels seen in this place.
 G = Mean time per level.
                   A        B        C        D        E       F      G
               +--------+--------+--------+--------+--------+-----+--------+
         Total |   3316 |   3253 |     63 |    326 |   2608 |   3 | 1105.3 |
       Dungeon |   3316 |   3253 |     63 |    326 |   2608 |   3 | 1105.3 |
               +--------+--------+--------+--------+--------+-----+--------+

Top non-repeatable levels by time:
     D:2: 1596 daAuts
     D:1: 1139 daAuts
     D:3: 581 daAuts
